 Dungeon Crawl Stone Soup version 0.27-a0-1217-g8a41f320e8 (webtiles) character file.

Game seed: 2036882592516190578

10752 quinnr the Thaumaturge (level 11, -1/79 HPs)
             Began as a Djinni Air Elementalist on June 5, 2021.
             Was a Believer of Makhleb.
             Killed from afar by a steam dragon (7 damage)
             ... with a ball of steam
             ... on level 9 of the Dungeon.
             The game lasted 00:43:37 (17003 turns).

quinnr the Thaumaturge (Djinni Air Elementalist)   Turns: 17003, Time: 00:43:38

Health: -1/79      AC:  2    Str:  7    XL:     11   Next: 98%
Gold:   431        EV: 16    Int: 25    God:    Makhleb [**....] SH:  0 Dex: 15

rFire    + + .     SeeInvis .   j - +0 whip (venom)
rCold    x . .     Faith    .   (no shield)
rNeg     . . .     Spirit   .   a - +0 robe
rPois    ∞         Reflect  .   (no helmet)
rElec    .         Harm     .   (no cloak)
rCorr    .         Rampage  .   (no gloves)
Will     +....                  (boots unavailable)
Stlth    ++........             (no amulet)
HPRegen  0.23/turn              d - ring of wizardry
MPRegen  0.00/turn              p - +6 ring of intelligence

@: flying
A: sickness immunity, fire resistance 2, cold vulnerability 1, float, innate
caster, hp casting, extra vitality 1
a: Renounce Religion, Minor Destruction


You were on level 9 of the Dungeon.
You worshipped Makhleb.
Makhleb was pleased with you.
You visited 2 branches of the dungeon, and saw 10 of its levels.

You collected 491 gold pieces.
You spent 60 gold pieces at shops.

Inventory:

Hand Weapons
 j - a +0 whip of venom (weapon)
Missiles
 v - 2 throwing nets
 B - 10 datura-tipped darts
Armour
 a - a +0 robe (worn)
Jewellery
 d - a ring of wizardry (left hand)
 l - a +6 ring of dexterity
 p - a +6 ring of intelligence (right hand)
 q - a +6 ring of dexterity
 A - a +6 ring of strength
Wands
 s - a wand of flame (36)
 t - a wand of mindburst (11)
 u - a wand of paralysis (11)
Scrolls
 c - 2 scrolls of enchant weapon {unknown}
 e - 2 scrolls of teleportation {unknown}
 h - 3 scrolls of noise {unknown}
 m - a scroll of fog
 r - 2 scrolls of magic mapping {unknown}
 y - 2 scrolls of amnesia
 D - a scroll of identify
Potions
 b - 4 potions of haste
 f - a potion of berserk rage
 g - 4 potions of brilliance
 i - 2 potions of degeneration
 n - 4 potions of curing
 w - a potion of mutation {unknown}
 x - 2 potions of magic
 z - a potion of might
 C - 3 potions of cancellation


   Skills:
 + Level 7.5 Fighting
 + Level 8.7 Dodging
 - Level 1.5 Stealth
 - Level 11.4 Spellcasting


You had 3 spell levels left.
You knew the following spells:

 Your Spells              Type           Power      Damage    Failure   Level
a - Shock                 Conj/Air       100%       1d9       1%          1
b - Static Discharge      Conj/Air       64%        N/A       1%          2
c - Swiftness             Air            64%        N/A       1%          3
d - Airstrike             Air            32%        N/A       1%          4
e - Lightning Bolt        Conj/Air       32%        1d49      1%          5
f - Corona                Hex            71%        N/A       1%          1
g - Call Imp              Summ           64%        N/A       1%          2
h - Spider Form           Tmut/Pois      32%        N/A       1%          3
i - Leda's Liquefaction   Hex/Erth       32%        N/A       1%          4
j - Dispel Undead         Necr           64%        3d22      1%          4
Your spell library was empty.

Dungeon Overview and Level Annotations

Branches:
Dungeon (9/15)             Temple (1/1) D:4             Orc (0/2) D:9
   Lair: D:8-11

Altars:
Ashenzari
Cheibriados
Dithmenos
Elyvilon
Fedhas
Gozag
Hepliaklqana
Kikubaaqudgha
Makhleb
Nemelex Xobeh
Okawaru
Qazlal
Ru
Sif Muna
Trog
Uskayaw
Vehumet
Wu Jian
Xom
Yredelemnul
Zin
The Shining One
Beogh

Shops:
D:6 ?


Innate Abilities, Weirdness & Mutations

You are immune to sickness and miasma.
You are immune to poison.
Your flesh is very heat resistant. (rF++)
You are vulnerable to cold. (rC-)
You float through the air rather than walking.
You learn spells naturally, not from books.
Your magical power is your life essence.
You have superior vitality. (+4 HP)


Message History

You start resting.
A steam dragon comes into view.
Casting: Airstrike (safe; 1% risk of failure)
Confirm with . or Enter, or press ? or * to list all spells.
Aiming: Airstrike (safe; 1% risk of failure)
Press: ? - help, Dir - move target, f - steam dragon
Aim: a steam dragon The air twists around and strikes the steam dragon!
The steam dragon is moderately wounded.
* * * LOW HITPOINT WARNING * * *
Unknown command.
Casting: Airstrike (safe; 1% risk of failure)
Confirm with . or Enter, or press ? or * to list all spells.
Aiming: Airstrike (safe; 1% risk of failure)
Press: ? - help, Dir - move target, f/p - steam dragon
Aim: a steam dragon (moderately wounded)
The air twists around and strikes the steam dragon!
The steam dragon is heavily wounded.
* * * LOW HITPOINT WARNING * * *
Unknown command.
Casting: Airstrike (safe; 1% risk of failure)
Confirm with . or Enter, or press ? or * to list all spells.
Aiming: Shock (safe; 1% risk of failure)
Press: ? - help, Shift-Dir - straight line, f/p - steam dragon
Aim: a steam dragon (heavily wounded, 74% to hit)
The zap hits the steam dragon but does no damage.
The steam dragon is heavily wounded.
* * * LOW HITPOINT WARNING * * *
Unknown command.
Casting: Shock (safe; 1% risk of failure)
Confirm with . or Enter, or press ? or * to list all spells.
Aiming: Shock (safe; 1% risk of failure)
Press: ? - help, Shift-Dir - straight line, f/p - steam dragon
Aim: a steam dragon (heavily wounded, 74% to hit)
The zap hits the steam dragon.
The steam dragon is severely wounded.
* * * LOW HITPOINT WARNING * * *
The steam dragon breathes steam at you. The ball of steam hits you! You resist.
You die...

. #...#... #.....# #.
#.)÷#... #.....# #..
###'#... #.....#
#..###()#### #.....#
#.........'. #.....#
#.........#. #.....###
#..##'######
#.....#..##..##.....##
#....@#........[y.....
#....§#......÷........
#....§#####..###'##.##
#.....#..##y.##..#####
#....D#.)....#>5..'...
#.....#..y.y.yyy..#...
#.....#..########## ##
#.....#.y# .#
#.....#..##.


There were no monsters in sight!

Vanquished Creatures
  A stone giant (D:9)
  Harold (D:8)
  A centaur warrior (D:9)
  A two-headed ogre (D:9)
  A deep troll (D:9)
  A deep elf pyromancer (D:9)
  A centaur zombie (D:8)
  A cyclops (D:9)
  Maggie (D:7)
  A troll (D:5)
  Grinder (D:3)
  A hornet (D:8)
  11 yaks
  A vampire mosquito (D:9)
  A steam dragon (D:6)
  A water moccasin (D:7)
  An ice beast (D:5)
  3 orc warriors
  A sky beast (D:6)
  A black bear (D:6)
  A hornet zombie (D:8)
  5 centaurs
  An ogre (D:4)
  A kobold brigand (D:8)
  2 bullfrogs
  2 scorpions
  3 water moccasin skeletons (D:5)
  6 killer bees
  4 wights (D:8)
  5 howler monkeys (D:9)
  2 bullfrog zombies (D:6)
  3 gnoll shamans
  A bullfrog skeleton (D:6)
  A centaur skeleton (D:7)
  6 orc priests
  4 hounds
  An iguana (D:6)
  6 orc wizards
  A howler monkey zombie (D:9)
  16 gnolls
  6 adders
  3 white imps
  An ufetubus (D:5)
  2 worms
  3 dart slugs
  34 orcs
  11 ball pythons
  7 bats
  4 endoplasms
  A giant cockroach (D:2)
  9 goblins
  7 hobgoblins
  8 jackals
  2 quokkas
  3 frilled lizards
  14 kobolds
  6 rats
224 creatures vanquished.

Vanquished Creatures (collateral kills)
  A yak (D:7)
  2 orc warriors (D:9)
  A bullfrog skeleton (D:5)
  3 orcs
7 creatures vanquished.

Vanquished Creatures (others)
  An orc (D:9)
1 creature vanquished.

Grand Total: 232 creatures vanquished

Notes
Turn   | Place    | Note
-------+----------+-------------------------------------------
     0 | D:1      | quinnr the Djinni Air Elementalist began the quest for the
                  | Orb.
     0 | D:1      | Reached XP level 1. HP: 15/15 MP: 0/0
   268 | D:1      | Reached XP level 2. HP: 17/21 MP: 0/0
   463 | D:1      | Reached skill level 3 in Spellcasting
   747 | D:1      | Reached XP level 3. HP: 17/25 MP: 0/0
   747 | D:1      | Learned a level 1 spell: Corona
  1846 | D:2      | Reached XP level 4. HP: 27/31 MP: 0/0
  1854 | D:2      | Reached skill level 4 in Spellcasting
  2220 | D:2      | Reached XP level 5. HP: 32/35 MP: 0/0
  2220 | D:2      | Learned a level 2 spell: Call Imp
  3393 | D:3      | Noticed Grinder
  3396 | D:3      | Paralysed by Grinder for 4 turns
  3408 | D:3      | Killed Grinder
  3409 | D:3      | Reached skill level 5 in Spellcasting
  3409 | D:3      | Reached XP level 6. HP: 5/40 MP: 0/0
  3750 | D:3      | Found a broken altar of Ashenzari.
  3750 | D:3      | Found a bloodstained altar of Trog.
  3751 | D:3      | Found a snail-covered altar of Cheibriados.
  5076 | D:4      | Noticed an ogre
  5082 | D:4      | Killed an ogre
  5083 | D:4      | Reached XP level 7. HP: 28/45 MP: 0/0
  5083 | D:4      | Learned a level 3 spell: Spider Form
  5321 | D:4      | Reached skill level 6 in Spellcasting
  5445 | D:4      | Identified the +4 scale mail of Bespelled Brilliance {rN+}
  5480 | D:4      | You are sucked into a shaft and drop 3 floors!
  5715 | D:7      | Identified the +1 robe "Juorili" {Harm Str+4}
  5808 | D:7      | Reached XP level 8. HP: 6/50 MP: 0/0
  5815 | D:7      | Reached skill level 7 in Spellcasting
  5869 | D:7      | Noticed Maggie
  5878 | D:7      | Killed Maggie
  6268 | D:7      | Reached skill level 8 in Spellcasting
  7039 | D:8      | Reached XP level 9. HP: 27/55 MP: 0/0
  7039 | D:8      | Learned a level 4 spell: Leda's Liquefaction
  7484 | D:5      | Entered Level 5 of the Dungeon
  7740 | D:4      | Found a staircase to the Ecumenical Temple.
  7783 | Temple   | Entered the Ecumenical Temple
  8051 | Temple   | Became a worshipper of Makhleb the Destroyer
  8494 | D:5      | Reached skill level 9 in Spellcasting
  8966 | D:5      | Noticed a troll
  8970 | D:5      | Killed a troll
 10222 | D:6      | Found Utaluith's Magic Scroll Boutique.
 10233 | D:6      | Bought a scroll of identify for 20 gold pieces
 10233 | D:6      | Bought a scroll of identify for 20 gold pieces
 10233 | D:6      | Bought a scroll of identify for 20 gold pieces
 10619 | D:6      | Reached skill level 10 in Spellcasting
 11154 | D:8      | Reached XP level 10. HP: 30/60 MP: 0/0
 11478 | D:8      | Noticed Harold
 11497 | D:8      | Reached * piety under Makhleb
 11716 | D:8      | Reached skill level 11 in Spellcasting
 13109 | D:8      | Reached skill level 1 in Fighting
 13484 | D:8      | Killed Harold
 13989 | D:8      | Reached XP level 11. HP: 61/71 MP: 0/0
 13989 | D:8      | Learned a level 4 spell: Dispel Undead
 14420 | D:9      | Reached skill level 5 in Dodging
 14420 | D:9      | Reached ** piety under Makhleb
 14977 | D:9      | Found a staircase to the Orcish Mines.
 15039 | D:9      | Reached skill level 5 in Fighting
 15293 | D:9      | Noticed a deep elf pyromancer
 15293 | D:9      | Noticed a cyclops
 15293 | D:9      | Noticed a centaur warrior
 15293 | D:9      | Identified the +0 leather armour "Geagg" {rF+ Int+5}
 15308 | D:9      | Killed a deep elf pyromancer
 15308 | D:9      | Killed a cyclops
 15561 | D:9      | Noticed a stone giant
 15566 | D:9      | Killed a stone giant
 15757 | D:9      | Noticed a deep elf zephyrmancer
 15766 | D:9      | Killed a centaur warrior
 16292 | D:9      | Noticed a deep troll
 16331 | D:9      | Killed a deep troll
 16710 | D:9      | Noticed a two-headed ogre
 16718 | D:9      | Killed a two-headed ogre
 17003 | D:9      | Killed from afar by a steam dragon

Illustrated notes

Levels and vault maps discovered:
D:1:      dpeg_arrival_round_c, layout_loops_corners, chequers_decorated_corner,
          minmay_tromino_v4_c
D:2:      layout_basic, minmay_small_reverse_x
D:3:      layout_basic, chequers_temple_overflow_statue_of_worship, uniq_grinder
D:4:      layout_basic, minmay_temple_entry_poolview
D:5:      layout_gridville, kennysheep_minor_cross
D:6:      layout_cave_pods, serial_shops, shop
D:7:      layout_gridville, uniq_maggie
D:8:      layout_cave_pools, serial_column_ruins, column_ruins_open_tiny,
          column_ruins_grid_1, column_ruins_columns_straight,
          column_ruins_grid_4, nicolae_two_hexagons, uniq_harold
D:9:      minmay_shrinking_squares, layout_gridville, david_orc_5, special_room
          [special_room_bee]
Temple:   dpeg_five_rooms_temple

Skill      XL: |  1  2  3  4  5  6  7  8  9 10 11 |
---------------+----------------------------------+-----
Spellcasting   | 3 4 5 6 8 10 11 | 11.4
Fighting       | 3 7 |  7.5
Dodging        | 4 8 |  8.7
Stealth        | |  1.5

Action                   |  1- 3 |  4- 6 |  7- 9 | 10-12 || total
-------------------------+-------+-------+-------+-------++-------
Melee: Unarmed           |       |       |     4 |     2 ||     6
 Cast: Shock             |    63 |    93 |    19 |    26 ||   201
       Static Discharge  |     1 |     7 |     1 |       ||     9
       Call Imp          |       |    10 |    19 |    46 ||    75
       Airstrike         |       |     8 |    92 |   119 ||   219
       Corona            |       |     1 |     1 |     1 ||     3
       Lightning Bolt    |       |       |     3 |    20 ||    23
       Spider Form       |       |       |     1 |     4 ||     5
       Leda's Liquefacti |       |       |     1 |       ||     1
       Swiftness         |       |       |       |     2 ||     2
  Use: Scroll            |       |     5 |     6 |     4 ||    15
       Potion            |       |       |     2 |     3 ||     5
Armor: Robe              |     7 |     1 |     1 |     2 ||    11
Dodge: Dodged            |     7 |     5 |    12 |    30 ||    54

Table legend: (Time is in decaauts)
 A = Elapsed time spent in this place.
 B = Non-inter-level travel time spent in this place.
 C = Inter-level travel time spent in this place.
 D = Time resting spent in this place.
 E = Time spent auto-exploring this place.
 F = Levels seen in this place.
 G = Mean time per level.
                   A        B        C        D        E       F      G
               +--------+--------+--------+--------+--------+-----+--------+
         Total |  17013 |  15995 |   1018 |   5575 |   9042 |  10 | 1701.3 |
       Dungeon |  16711 |  15781 |    930 |   5575 |   8830 |   9 | 1856.8 |
        Temple |    301 |    213 |     88 |      0 |    212 |   1 |  301.0 |
               +--------+--------+--------+--------+--------+-----+--------+

Top non-repeatable levels by time:
     D:7: 3669 daAuts
     D:9: 2161 daAuts
     D:8: 1928 daAuts
     D:1: 1828 daAuts
     D:2: 1678 daAuts
     D:3: 1546 daAuts
     D:5: 1455 daAuts
     D:6: 1303 daAuts
     D:4: 1139 daAuts
  Temple: 301 daAuts
